 Dungeon Crawl Stone Soup version 0.28-a0-863-g8cecda6153 (webtiles) character file.

Game seed: 17784799540308734420

482 ytrimaz the Covered (level 7, 0/55 HPs)
             Began as a Formicid Fighter on Nov 16, 2021.
             Slain by a hornet zombie (11 damage)
             ... on level 4 of the Dungeon.
             The game lasted 00:06:37 (3765 turns).

ytrimaz the Covered (Formicid Fighter)              Turns: 3765, Time: 00:06:38

Health: 0/55       AC:  7    Str: 22    XL:     7   Next: 34%
Magic:  7/7        EV:  9    Int:  8    God:
Gold:   205        SH:  5    Dex: 10    Spells: 6/6 levels left

rFire   . . .      SeeInvis +   a - +0 war axe
rCold   . . .      Faith    .   c - +0 buckler
rNeg    . . .      Spirit   .   b - +0 scale mail
rPois   +          Reflect  .   (helmet unavailable)
rElec   .          Harm     .   (no cloak)
rCorr   .          Rampage  .   (no gloves)
Will    .....                   (no boots)
Stlth   ..........              (no amulet)
HPRegen 0.18/turn               i - ring of poison resistance
MPRegen 0.10/turn               (no ring)

@: no status effects
A: permanent stasis, dig shafts and tunnels, antennae 3, four strong arms
a: Dig, Shaft Self


You were on level 4 of the Dungeon.
You visited 1 branch of the dungeon, and saw 4 of its levels.

You collected 205 gold pieces.

Inventory:

Hand Weapons
 a - a +0 war axe (weapon)
Missiles
 g - 2 throwing nets
Armour
 b - a +0 scale mail (worn)
 c - a +0 buckler (worn)
Jewellery
 i - a ring of poison resistance (left hand)
 l - a ring of fire
Scrolls
 h - 3 scrolls of enchant armour
 j - a scroll of immolation
Potions
 d - a potion of curing {unknown}
 e - a potion of flight {unknown}
 f - a potion of degeneration {unknown}
 k - 2 potions of mutation {unknown}
 n - a potion of lignification {unknown}


   Skills:
 * Level 4.6 Fighting
 + Level 4.1 Axes
 * Level 6.0 Armour
 * Level 5.0 Shields


You had 6 spell levels left.
You didn't know any spells.
Your spell library was empty.

Dungeon Overview and Level Annotations

Branches:
Dungeon (4/15)
 Temple: D:4-7

Altars:
Okawaru
Xom


Innate Abilities, Weirdness & Mutations

You cannot be hasted, slowed, berserked, paralysed or teleported.
You can dig through walls and to a lower floor.
You have a pair of large antennae on your head. (SInv)
Your four strong arms can wield two-handed weapons with a shield.


Message History

A kobold comes into view. It is wielding a +0 short sword.
The kobold shouts!
The hornet zombie barely misses you.
You hit the hornet zombie.
The hornet zombie is lightly damaged.
The hornet zombie hits you. x2
You hit the hornet zombie.
The hornet zombie is lightly damaged.
You block the hornet zombie's attack. The hornet zombie hits you.
You hit the hornet zombie.
The hornet zombie is lightly damaged.
The hornet zombie hits you.
You hit the hornet zombie.
The hornet zombie is moderately damaged.
The hornet zombie hits you.
A black bear comes into view.
The hornet zombie barely misses you. The kobold hits you but does no damage.
The black bear growls angrily.
You hit the hornet zombie.
The hornet zombie is moderately damaged.
You barely miss the kobold. The hornet zombie barely misses you.
The kobold closely misses you. The hornet zombie closely misses you.
You hit the hornet zombie.
The hornet zombie is moderately damaged.
You slash the kobold!
You kill the kobold!
The hornet zombie hits you!
You completely miss the hornet zombie.
The hornet zombie is moderately damaged.
The hornet zombie hits you but does no damage. x2
You hit the hornet zombie.
The hornet zombie is moderately damaged.
The hornet zombie hits you!
* * * LOW HITPOINT WARNING * * *
The hornet zombie barely misses you. The black bear bites you.
* * * LOW HITPOINT WARNING * * *
The black bear barely misses you. x2
Are you sure you want to shaft yourself?
The hornet zombie hits you!
You die...

##....# #.. ..
#...... [. ...
.......##.#....
..........#..
.............
...........#
...?...Zh.####
#.....@.....#
#...........#
####...........#
...............#
##...........#
##...........##
####.............###
#.....(...†.†......#
#..#..>.....†......#


You could see a black bear and a hornet zombie.

Vanquished Creatures
  Sigmund (D:3)
  A necrophage (D:4)
  An ogre (D:3)
  7 gnolls
  2 adders (D:2)
  A worm (D:3)
  3 dart slugs
  7 orcs (D:3)
  5 ball pythons
  5 bats
  2 endoplasms
  A giant cockroach (D:1)
  6 hobgoblins
  3 jackals (D:4)
  7 kobolds
  A quokka (D:3)
  4 goblins
  A quokka skeleton (D:4)
  9 rats
67 creatures vanquished.

Vanquished Creatures (others)
  2 adders (D:3)
  A ball python (D:3)
  A hobgoblin (D:3)
  A kobold (D:3)
  A rat (D:3)
6 creatures vanquished.

Grand Total: 73 creatures vanquished

Notes
Turn   | Place    | Note
-------+----------+-------------------------------------------
     0 | D:1      | ytrimaz the Formicid Fighter began the quest for the Orb.
     0 | D:1      | Reached XP level 1. HP: 18/18 MP: 1/1
    70 | D:1      | Reached XP level 2. HP: 12/24 MP: 2/2
   448 | D:1      | Reached XP level 3. HP: 29/29 MP: 3/3
   675 | D:1      | Found a faded altar of an unknown god.
  1032 | D:1      | Reached skill level 4 in Armour
  1302 | D:2      | Reached XP level 4. HP: 22/37 MP: 4/4
  2100 | D:3      | Found a shimmering altar of Xom.
  2247 | D:3      | Noticed Sigmund
  2631 | D:1      | Reached XP level 5. HP: 34/42 MP: 5/5
  3104 | D:3      | Found an iron altar of Okawaru.
  3129 | D:3      | Killed Sigmund
  3130 | D:3      | Reached skill level 5 in Armour
  3130 | D:3      | Reached XP level 6. HP: 44/49 MP: 6/6
  3372 | D:3      | Noticed an ogre
  3376 | D:3      | Killed an ogre
  3377 | D:3      | Reached XP level 7. HP: 50/55 MP: 7/7
  3716 | D:4      | Reached skill level 6 in Armour
  3716 | D:4      | Reached skill level 5 in Shields
  3765 | D:4      | Slain by a hornet zombie

Illustrated notes

Levels and vault maps discovered:
D:1:      dpeg_arrival_pits, layout_loops_cross, shapermc_ecumenical_altar_venn
D:2:      layout_loops_cross
D:3:      layout_loops_cross, okawaru_metal_pillars_1_2, xom_confusion_cloud,
          minmay_curled_crystal, uniq_sigmund
D:4:      layout_rooms, gammafunk_temple_overflow_claw,
          hangedman_decor_slide_cut

Skill      XL: |  1  2  3  4  5  6  7 |
---------------+----------------------+-----
Shields        | 4 5 |  5.0
Armour         | 4 5 6 |  6.0
Axes           | 3 4 |  4.1
Fighting       | 4 |  4.6

Action                   |  1- 3 |  4- 6 |  7- 9 || total
-------------------------+-------+-------+-------++-------
Melee: War axe           |    73 |    61 |    41 ||   175
 Abil: Shaft Self        |       |       |     1 ||     1
  Use: Scroll            |     1 |     1 |     1 ||     3
       Potion            |       |     2 |       ||     2
Armor: Scale mail        |    33 |    27 |    19 ||    79
Dodge: Dodged            |    33 |    42 |    20 ||    95
Block: Buckler           |    19 |    17 |    10 ||    46

Table legend: (Time is in decaauts)
 A = Elapsed time spent in this place.
 B = Non-inter-level travel time spent in this place.
 C = Inter-level travel time spent in this place.
 D = Time resting spent in this place.
 E = Time spent auto-exploring this place.
 F = Levels seen in this place.
 G = Mean time per level.
                   A        B        C        D        E       F      G
               +--------+--------+--------+--------+--------+-----+--------+
         Total |   3834 |   3739 |     95 |   1102 |   1888 |   4 |  958.5 |
       Dungeon |   3834 |   3739 |     95 |   1102 |   1888 |   4 |  958.5 |
               +--------+--------+--------+--------+--------+-----+--------+

Top non-repeatable levels by time:
     D:1: 1789 daAuts
     D:2: 967 daAuts
     D:3: 965 daAuts
     D:4: 111 daAuts
